 Dungeon Crawl Stone Soup version 0.20.0-10-g0535bb4 (webtiles) character file.

47704 MTVSty1e the Severer (level 14, -4/106 HPs)
             Began as a Gargoyle Fighter on June 4, 2017.
             Was the Champion of Okawaru.
             Slain by an entropy weaver (7 damage)
             ... on level 6 of the Lair of Beasts.
             The game lasted 00:46:28 (18945 turns).

MTVSty1e the Severer (Gargoyle Fighter)            Turns: 18945, Time: 00:46:29

Health: -4/106     AC:  0    Str: 24    XL:     14   Next: 43%
Magic:  21/21      EV:  9    Int:  8    God:    Okawaru [******]
Gold:   1270       SH:  0    Dex: 12    Spells: 13/13 levels left

rFire    . . .     SeeInvis +   D - +1 hand axe (drain)
rCold    . . .     Gourm    .   c - +0 shield
rNeg     + + .     Faith    .   g - +0 plate armour
rPois    ∞         Spirit   .   u - +2 hat {MR+}
rElec    +         Reflect  .   Q - +0 cloak {+Inv}
rCorr    .         Harm     .   z - +1 pair of gloves {Dex+3}
MR       +++..                  (no boots)
Stlth    ..........             k - amulet of rage
Regen    0.3/turn               q - ring of positive energy
MPRegen  0.2/turn               O - ring "Xibraka" {rElec MR+ SInv}

@: confused, heroism, corroded, berserk cooldown, slowed, very slow
A: big wings, horns 1, rugged brown scales 1, deformed body, dopey 1, negative
energy resistance 1, robust 1, electricity resistance, unbreathing,
petrification resistance, rot immunity, AC +9
a: Fly, Heroism, Finesse, Renounce Religion, Evoke Berserk Rage, Evoke
Invisibility


You were on level 6 of the Lair of Beasts.
You worshipped Okawaru.
Okawaru was exalted by your worship.
You were hungry.

You visited 3 branches of the dungeon, and saw 17 of its levels.
You also visited: Ossuary.

You collected 1270 gold pieces.

Inventory:

Hand Weapons
 C - a +2 flail
 D - a +1 hand axe of draining (weapon)
 G - the +2 morningstar of Capital Punishment {freeze, +Inv rElec rN+ Int+3}
   (You found it on level 10 of the Dungeon)

   It has been specially enchanted to freeze those struck by it, causing extra
   injury to most foes and up to half again as much damage against particularly
   susceptible opponents.
   It can also slow down cold-blooded creatures.
   It affects your intelligence (+3).
   It insulates you from electricity.
   It protects you from negative energy.
   It lets you turn invisible.
Armour
 c - a +0 shield (worn)
 g - a +0 plate armour (worn)
 u - a +2 hat of magic resistance (worn)
 y - a +1 hat of intelligence
 z - a +1 pair of gloves of dexterity (worn)
 K - the +5 chain mail of the Little Devil {-Cast +Blink rC- rCorr}
   (Okawaru gifted it to you on level 5 of the Lair of Beasts)

   It makes you vulnerable to cold.
   It lets you blink.
   It prevents spellcasting.
   It protects you from acid and corrosion.
 Q - a +0 cloak of invisibility (worn)
Jewellery
 k - an amulet of rage (around neck)
 p - an uncursed amulet of faith
 q - a ring of positive energy (left hand)
 O - the ring "Xibraka" (right hand) {rElec MR+ SInv}
   (You acquired it on level 2 of the Lair of Beasts)

   [ring of see invisible]

   It insulates you from electricity.
   It affects your resistance to hostile enchantments.
   It lets you see invisible.
 T - an uncursed ring of flight {unknown}
Wands
 b - a wand of polymorph (7/24)
 v - a wand of paralysis (17/24)
 w - a wand of enslavement (19/24)
 B - a wand of lightning (1/15)
 H - a wand of confusion (16/48)
 L - a wand of polymorph (6/24)
 M - a wand of flame (41/48)
 P - a wand of scattershot (5/9)
 S - a wand of paralysis (2/24)
Scrolls
 d - 5 scrolls of teleportation
 i - a scroll of amnesia
 j - 4 scrolls of enchant weapon
 m - 7 scrolls of fog
 t - 5 scrolls of remove curse
 F - a scroll of fear
 J - a scroll of blinking
 N - a scroll of recharging
Potions
 a - a potion of haste
 e - 2 potions of resistance
 l - 3 potions of flight
 n - 2 potions of agility
 o - 5 potions of lignification
 r - 7 potions of curing
 s - 3 potions of brilliance
 I - a potion of magic
 R - a potion of degeneration {unknown}
Books
 E - a book of Callings

   Spells                             Type                      Level
   a - Summon Small Mammal            Summoning                    1
   b - Call Imp                       Summoning                    2
   c - Call Canine Familiar           Summoning                    3
   d - Summon Guardian Golem          Hexes/Summoning              3
   e - Summon Lightning Spire         Summoning/Air                4
   f - Summon Ice Beast               Ice/Summoning                4
Comestibles
 f - 9 bread rations
 h - 9 meat rations
 x - 4 royal jellies


   Skills:
 + Level 13.1(18.1) Fighting
 * Level 15.3(20.3) Axes
 + Level 7.7(12.7) Armour
 + Level 7.3(12.3) Shields
 * Level 9.4 Invocations
 + Level 4.9 Evocations


You had 13 spell levels left.
You didn't know any spells.

Dungeon Overview and Level Annotations

Branches:
Dungeon (10/15)            Temple (0/1) D:6            Lair (6/6) D:10
 Shoals (0/4) Lair:3        Snake (1/4) Lair:3          Orc (0/2) D:10
  Slime: Lair:5-6

Altars:
Cheibriados
Elyvilon
Fedhas
Gozag
Makhleb
Okawaru
Trog
Xom

Shops:
D:4 *   D:7 }

Annotations:
Lair:3 exclusion: oklob plant


Innate Abilities, Weirdness & Mutations

You are resistant to torment.
Your stone body is resilient. (AC +9)
You are immune to poison.
Your large and strong wings let you fly indefinitely.
You resist negative energy. (rN+)
You are resistant to electric shocks. (rElec)
You can survive without breathing.
You are immune to petrification.
You are immune to rotting.
You have a pair of small horns on your head.
You are partially covered in rugged brown scales. (AC +1, +3% HP)
Armour fits poorly on your strangely shaped body.
You are dopey. (Int -2)
You are robust. (+10% HP)


Message History

The entropy weaver hits you! x2
* * * LOW HITPOINT WARNING * * *
The entropy weaver misses you.
The entropy weaver hits you but does no damage.
You block the entropy weaver's attack. x2; The entropy weaver hits you.
* * * LOW HITPOINT WARNING * * *
The entropy weaver hits you!
* * * LOW HITPOINT WARNING * * *
Items here: ) ? ††††† It was a potion of ambrosia.
You are confused.
You feel invigorated. The soldier ant stings you!
* * * LOW HITPOINT WARNING * * *
The entropy weaver gestures wildly while chanting.
The entropic weave corrodes you! The soldier ant stings you.
* * * LOW HITPOINT WARNING * * *
The entropy weaver barely misses you. The entropy weaver hits you!
* * * LOW HITPOINT WARNING * * *
The entropy weaver hits you!
You die...

#####.#a ........#
#.......?..
#.#..#....##
##....PPP....
####..P.PPPP....
#..###.###†...P......
#....a†aaa.†..P≈≈.≈≈
#.....#@#a.......≈≈≈≈
#..P.##.###..P..≈≈≈≈≈
#..## ### ###....≈≈≈.
#. #....≈≈≈≈≈≈ #
##.F...≈≈≈≈.≈≈
#.....≈≈≈≈≈≈≈
#...#..≈≈≈≈≈≈
##.....≈≈≈≈≈≈
##...........


You could see an entropy weaver and 3 soldier ants.

Vanquished Creatures
  Gastronok (Lair:1)
  An entropy weaver (Lair:6)
  Josephine (Lair:5)
  5 hydras
  3 two-headed ogres (D:9)
  A death yak (Lair:4)
  Nergalle (Lair:2)
  The ghost of vatarom the Zephyrmancer, a novice TeAE of Sif Muna (D:10)
  Pikel (D:7)
  5 elephants (Lair:6)
  11 black mambas
  A merfolk siren (Lair:3)
  12 spiny frogs
  A torpor snail (Lair:3)
  5 komodo dragons
  A kobold demonologist (D:10)
  A rime drake (Lair:3)
  5 trolls
  4 polar bears
  3 merfolk (Lair:3)
  Prince Ribbit (D:8)
  30 blink frogs
  6 hippogriffs
  A hippogriff (shapeshifter) (D:9)
  Sigmund (D:2)
  3 wraiths (Lair:5)
  28 yaks
  A wyvern (Lair:3)
  2 basilisks (Lair:3)
  7 soldier ants
  7 porcupines
  6 water moccasins
  A slave (D:7)
  6 orc warriors
  3 black bears
  4 ice beasts
  2 sky beasts
  4 ogres
  4 phantoms
  12 crocodiles
  17 wolves
  3 centaurs (D:9)
  3 big kobolds
  A gnoll sergeant (D:9)
  18 bullfrogs
  A wyvern zombie (Ossuary)
  A water moccasin zombie (D:7)
  6 scorpions
  6 wights
  A howler monkey (D:4)
  An electric eel (D:9)
  8 crimson imps
  5 centaur zombies
  3 hounds
  2 quasits
  5 bullfrog zombies
  A centaur skeleton (D:9)
  9 orc priests
  A bullfrog skeleton (D:5)
  10 orc wizards
  3 iguanas
  9 worker ants
  3 killer bee zombies (Ossuary)
  A hound skeleton (D:4)
  13 mummies (Ossuary)
  7 worker ant zombies
  A howler monkey zombie (Ossuary)
  6 gnolls
  5 adders
  2 shadow imps
  5 adder zombies
  2 adder skeletons
  9 worms
  3 dart slugs
  8 leopard geckos
  63 orcs
  11 bats
  15 giant cockroaches
  8 goblins
  10 hobgoblins
  18 jackals
  16 kobolds
  7 quokkas
  2 ball pythons
  6 frilled lizards (D:2)
  A leopard gecko skeleton (D:4)
  2 leopard gecko zombies
  12 rats
  6 fungi
  A plant (Lair:6)
550 creatures vanquished.

Vanquished Creatures (collateral kills)
  A hippogriff (D:9)
1 creature vanquished.

Vanquished Creatures (others)
  A slave (D:7)
  A crimson imp (D:7)
  An orc wizard (D:7)
  A worker ant zombie (D:7)
  An orc (D:7)
  2 fungi (Lair:2)
  7 plants
  A withered plant (Ossuary)
15 creatures vanquished.

Grand Total: 566 creatures vanquished

Notes
Turn   | Place    | Note
-------+----------+-------------------------------------------
     0 | D:1      | MTVSty1e the Gargoyle Fighter began the quest for the Orb.
     0 | D:1      | Reached XP level 1. HP: 14/14 MP: 1/1
   111 | D:1      | Reached skill level 2 in Axes
   193 | D:1      | Reached XP level 2. HP: 19/19 MP: 2/2
   614 | D:1      | Reached XP level 3. HP: 24/24 MP: 3/3
   937 | D:2      | Reached skill level 3 in Axes
  1349 | D:2      | Reached XP level 4. HP: 29/29 MP: 4/4
  1369 | D:2      | Noticed Sigmund
  1396 | D:2      | Killed Sigmund
  1396 | D:2      | Reached skill level 4 in Axes
  1396 | D:2      | Reached XP level 5. HP: 15/34 MP: 5/5
  1396 | D:2      | Reached XP level 6. HP: 17/40 MP: 6/6
  2204 | D:3      | Found a bloodstained altar of Trog.
  2292 | D:3      | Found an iron altar of Okawaru.
  2301 | D:3      | Became a worshipper of Warmaster Okawaru
  2318 | D:3      | Reached skill level 5 in Fighting
  2318 | D:3      | Reached skill level 5 in Axes
  2337 | D:3      | Found a white marble altar of Elyvilon.
  2337 | D:3      | Found a shimmering altar of Xom.
  2432 | D:3      | Found a faded altar of an unknown god.
  2824 | D:4      | Found Burch's Assorted Antiques.
  3090 | D:4      | Noticed a phantom
  3132 | D:4      | Killed a phantom
  3132 | D:4      | Reached XP level 7. HP: 31/44 MP: 7/7
  3223 | D:4      | Reached skill level 6 in Axes
  3565 | D:5      | Entered Level 5 of the Dungeon
  3642 | D:5      | Reached * piety under Okawaru
  3661 | D:5      | Gained mutation: Your magical capacity is low. (-10% MP) [mutagenic meat]
  3662 | D:5      | Gained mutation: You are partially covered in thin metallic scales. (AC +2) [mutagenic meat]
  3663 | D:5      | Gained mutation: You tend to lose your temper in combat. [mutagenic meat]
  3664 | D:5      | Gained mutation: You do not regenerate when monsters are visible. [mutagenic meat]
  3665 | D:5      | Gained mutation: Your flesh is heat resistant. (rF+) [mutagenic meat]
  3666 | D:5      | Gained mutation: Armour fits poorly on your strangely shaped body. [mutagenic meat]
  3668 | D:5      | Lost mutation: You tend to lose your temper in combat. [potion of mutation]
  3668 | D:5      | Lost mutation: Your flesh is heat resistant. (rF+) [potion of mutation]
  3668 | D:5      | Lost mutation: You are partially covered in thin metallic scales. (AC +2) [potion of mutation]
  3668 | D:5      | Lost mutation: You do not regenerate when monsters are visible. [potion of mutation]
  3668 | D:5      | Gained mutation: You are clumsy. (Dex -2) [potion of mutation]
  3668 | D:5      | Gained mutation: You are dopey. (Int -2) [potion of mutation]
  3668 | D:5      | Gained mutation: You are robust. (+10% HP) [potion of mutation]
  3674 | D:5      | Reached XP level 8. HP: 42/56 MP: 4/7
  3693 | D:5      | Reached skill level 7 in Axes
  3751 | D:5      | Lost mutation: You are clumsy. (Dex -2) [potion of mutation]
  3751 | D:5      | Lost mutation: Your magical capacity is low. (-10% MP) [potion of mutation]
  3751 | D:5      | Gained mutation: You are partially covered in rugged brown scales. (AC +1, +3% HP) [potion of mutation]
  3751 | D:5      | Gained mutation: You have a pair of small horns on your head. [potion of mutation]
  4274 | D:6      | Noticed a hippogriff
  4285 | D:6      | Killed a hippogriff
  4385 | D:6      | Found a sand-covered staircase.
  4406 | Ossuary  | Entered an ossuary
  4457 | Ossuary  | Reached skill level 8 in Axes
  4689 | Ossuary  | Reached ** piety under Okawaru
  4834 | Ossuary  | Reached XP level 9. HP: 43/64 MP: 9/9
  5083 | Ossuary  | Reached skill level 9 in Axes
  5352 | D:6      | Found an opulent altar of Gozag.
  5590 | D:6      | Found a burning altar of Makhleb.
  6091 | D:6      | Found a staircase to the Ecumenical Temple.
  6398 | D:7      | Noticed Pikel
  6417 | D:7      | Killed Pikel
  6479 | D:7      | Reached skill level 10 in Axes
  6589 | D:7      | Reached *** piety under Okawaru
  7062 | D:7      | Found Jeusuot's Gadget Shoppe.
  7371 | D:8      | Reached XP level 10. HP: 54/74 MP: 10/10
  7577 | D:8      | Noticed Prince Ribbit
  7709 | D:8      | Killed Prince Ribbit
  7709 | D:8      | Reached skill level 11 in Axes
  8223 | D:9      | Noticed a two-headed ogre
  8717 | D:9      | Killed a two-headed ogre
  8717 | D:9      | Reached **** piety under Okawaru
  8717 | D:9      | Reached skill level 10 in Fighting
  9027 | D:9      | Reached skill level 12 in Axes
  9583 | D:9      | Noticed a two-headed ogre
  9590 | D:9      | Killed a two-headed ogre
  9590 | D:9      | Reached ***** piety under Okawaru
  9590 | D:9      | Reached XP level 11. HP: 57/82 MP: 8/11
 10034 | D:9      | Noticed a two-headed ogre
 10045 | D:9      | Killed a two-headed ogre
 10349 | D:10     | Entered Level 10 of the Dungeon
 10359 | D:10     | Noticed vatarom's ghost (novice TeAE)
 10375 | D:10     | Killed vatarom's ghost
 10375 | D:10     | Reached skill level 13 in Axes
 10408 | D:10     | Noticed a moth of wrath
 10409 | D:10     | Received a gift from Okawaru
 10426 | D:9      | a moth of wrath changed into a hippogriff
 10550 | D:10     | Noticed a five-headed hydra
 11182 | D:10     | Found a staircase to the Lair.
 11528 | D:10     | Identified a scroll of acquirement
 11538 | D:10     | Killed a five-headed hydra
 11538 | D:10     | Reached skill level 1 in Invocations
 11575 | D:10     | Found a staircase to the Orcish Mines.
 11898 | D:10     | Reached skill level 1 in Evocations
 12105 | D:10     | Noticed an ettin
 12529 | D:10     | Got a transparent morningstar
 12582 | D:10     | Identified the cursed +2 morningstar of Capital Punishment {freeze, +Inv rElec rN+ Int+3} (You found it on level 10 of the Dungeon)
 12698 | D:10     | Reached XP level 12. HP: 91/91 MP: 13/13
 12735 | D:10     | Received a gift from Okawaru
 12739 | D:10     | Got an encrusted demon trident {god gift}
 12740 | D:10     | Identified the +9 demon trident of Tenacity {vamp, rC+ Int+6} (Okawaru gifted it to you on level 10 of the Dungeon)
 12932 | Lair:1   | Entered Level 1 of the Lair of Beasts
 12932 | Lair:1   | Noticed Gastronok
 12946 | Lair:1   | Killed Gastronok
 13083 | Lair:1   | Noticed a six-headed hydra
 13093 | Lair:1   | Killed a six-headed hydra
 13398 | Lair:1   | Reached skill level 14 in Axes
 13403 | Lair:1   | Received a gift from Okawaru
 13408 | Lair:1   | Got a fine scarf {god gift}
 13414 | Lair:1   | Identified the scarf of Okawaru {rPois rC- Int+4} (Okawaru gifted it to you on level 1 of the Lair of Beasts)
 13683 | Lair:1   | Reached skill level 5 in Invocations
 13754 | Lair:1   | Reached skill level 5 in Armour
 14160 | Lair:2   | Reached skill level 5 in Shields
 14216 | Lair:2   | Got a steaming platinum ring
 14311 | Lair:2   | Identified the ring "Xibraka" {rElec MR+ SInv} (You acquired it on level 2 of the Lair of Beasts)
 14366 | Lair:2   | Noticed Nergalle
 14388 | Lair:2   | Killed Nergalle
 14496 | Lair:2   | Reached XP level 13. HP: 83/98 MP: 17/17
 15173 | Lair:3   | Found a staircase to the Snake Pit.
 15692 | Lair:3   | Reached ****** piety under Okawaru
 15705 | Lair:3   | Found a staircase to the Shoals.
 15712 | Lair:3   | Received a gift from Okawaru
 16019 | Lair:3   | Found a blossoming altar of Fedhas.
 16549 | Snake:1  | Entered Level 1 of the Snake Pit
 16754 | Lair:4   | Received a gift from Okawaru
 17669 | Lair:4   | Received a gift from Okawaru
 17841 | Lair:5   | Received a gift from Okawaru
 17841 | Lair:5   | Reached skill level 15 in Axes
 17853 | Lair:5   | Gained mutation: Your large and strong wings let you fly indefinitely. [Gargoyle growth]
 17853 | Lair:5   | Reached XP level 14. HP: 83/103 MP: 20/20
 17865 | Lair:5   | Got a faintly humming chain mail {god gift}
 17877 | Lair:5   | Identified the +5 chain mail of the Little Devil {-Cast +Blink rC- rCorr} (Okawaru gifted it to you on level 5 of the Lair of Beasts)
 17903 | Lair:5   | Noticed Josephine
 17932 | Lair:5   | Killed Josephine
 18221 | Lair:5   | Found a snail-covered altar of Cheibriados.
 18698 | Lair:6   | Entered Level 6 of the Lair of Beasts
 18911 | Lair:6   | Noticed an entropy weaver
 18921 | Lair:6   | Noticed an entropy weaver
 18941 | Lair:6   | Killed an entropy weaver
 18945 | Lair:6   | HP: 3/106 [entropy weaver (9)]
 18945 | Lair:6   | Slain by an entropy weaver

Skill      XL: |  1  2  3  4  5  6  7  8  9 10 11 12 13 14 |
---------------+-------------------------------------------+-----
Axes           | 2 3 4 5 6 8 10 12 13 14 15 | 15.3
Fighting       | 4 5 6 7 9 10 11 12 13 | 13.1
Invocations    | 2 6 8 9 |  9.4
Evocations     | 1 3 4 |  4.9
Armour         | 5 7 |  7.7
Shields        | 5 6 7 |  7.3

Action                   |  1- 3 |  4- 6 |  7- 9 | 10-12 | 13-15 || total
-------------------------+-------+-------+-------+-------+-------++-------
Melee: War axe           |   154 |   249 |   435 |   532 |       ||  1370
       Headbutt          |       |       |    54 |   142 |   182 ||   378
       Flail             |       |       |       |     6 |       ||     6
       Hand axe          |       |       |       |   231 |   730 ||   961
       Morningstar       |       |       |       |    10 |    15 ||    25
Invok: Heroism           |       |       |     9 |    20 |     6 ||    35
       Finesse           |       |       |       |       |     1 ||     1
 Abil: Evoke Berserk Rag |       |       |       |       |     1 ||     1
  Use: Potion            |       |     1 |     7 |     5 |     1 ||    14
       Scroll            |       |       |    21 |    14 |     2 ||    37
  Eat: Meat ration       |     1 |       |     1 |       |       ||     2
       Fruit             |       |     2 |     7 |     4 |     6 ||    19
       Chunk             |       |     1 |     7 |     4 |     4 ||    16
       Royal jelly       |       |       |     1 |     6 |     3 ||    10
       Bread ration      |       |       |       |     1 |       ||     1
Armor: Scale mail        |    88 |   118 |   189 |       |       ||   395
       Plate armour      |       |       |    17 |   432 |   393 ||   842
Dodge: Dodged            |    37 |    83 |   119 |   129 |   130 ||   498
Block: Shield            |    84 |   101 |   201 |   344 |   349 ||  1079
